[Event "*** Titled Tuesday 3|2 Blitz (Early)"]
[Site "Chess.com"]
[Date "2017.01.03"]
[Round "5"]
[White "BillieKimbah"]
[Black "Kouzari"]
[Result "1-0"]
[WhiteElo "2592"]
[BlackElo "2403"]
[TimeControl "180+2"]
[EndTime "12:02:26 PST"]
[Termination "BillieKimbah won by resignation"]

1. Nf3 Nf6 2. g3 d5 3. Bg2 c6 4. O-O Bf5 5. d3 h6 6. c4 e6 7. cxd5 exd5 8. Qb3 Qb6 9. Qc2 Be7 10. Nc3 O-O 11. e4 dxe4 12. dxe4 Bh7 13. Be3 Qa5 14. h3 Nbd7 15. Nd4 Rfe8 16. f3 Rad8 17. Bf2 Nb6 18. Rad1 Nfd5 19. Qb3 Nxc3 20. bxc3 Na4 21. Ne2 b5 22.
Rfe1 Bc5 23. Bd4 Qb6 24. Kh2 Bxd4 25. cxd4 a5 26. Rc1 Kf8 27. Rc2 c5 28. Rb1 Rb8 29.
dxc5 Nxc5 30. Qe3 Ne6 31. Qc1 b4 32. f4 Nd4 33. Nxd4 Qxd4 34. f5 Bg8 35. Rc4 Qf6 36. Rc6 Qd4 37. f6 g5 38. Qc2 Bh7 39. Rd1 Qe5 40.
Qc4 Rbd8 41. Rxd8 Rxd8 42. Rc7 Qxf6 43. e5 Qf5 44. e6 fxe6 45. Ra7 Qf6 46. Rxh7 Rd2 47.
Qc8+ Rd8 48. Qc7 Qe7 49. Qxe7+ 1-0

[Event "*** Titled Tuesday 3|2 Blitz (Early)"]
[Site "Chess.com"]
[Date "2017.01.03"]
[Round "5"]
[White "pastouche06"]
[Black "underdogchss"]
[Result "1-0"]
[WhiteElo "2346"]
[BlackElo "2293"]
[TimeControl "180+2"]
[EndTime "12:02:27 PST"]
[Termination "pastouche06 won by resignation"]

1. d4 Nf6 2. c4 e6 3. Nc3 Bb4 4.
e3 O-O 5. Bd3 d5 6. Nf3 c5 7. O-O Nc6 8. cxd5 exd5 9. dxc5 Bxc5 10. h3 Qe7 11. b3 Rd8 12. Bb2 a6 13. Ne2 Ne4 14. Rc1 Bf5 15. Ned4 Bg6 16. Nxc6 bxc6 17.
Qc2 Rd6 18. Ne5 Bb4 19. Nxc6 Rxc6 20. Qxc6 Rf8 21. Qxd5 Rd8 22. Bxe4 Rxd5 23. Bxd5 h5 24. e4 Kh7 25. f3 Bd2 26. Rc6 Be3+ 27. Kh1 f6 28.
Rxa6 Qb4 29. Ra8 Qb5 30. Bg8+ Kh6 31. Bc4 Qb4 32. Bc1 Bxc1 33. Rxc1 Qd2 34. Rg1 h4 35.
Ra5 Qe3 36. Rd5 Bf7 37. Rd3 Qa7 38. Bxf7 Qxf7 39. a4 Qa7 40. Ra1 Qa6 41. Rd2 Qa5 42. Rda2 Kg5 43. b4 Qxb4 44. a5 Qb7 45. a6 Qa7 46. Rb1 Kf4 47. Kh2 Qc7 48. a7 Kg5+ 49.
Kh1 Qg3 50. a8=Q Kg6 51. Qd5 Kh6 52. Qf5 1-0

[Event "*** Titled Tuesday 3|2 Blitz (Early)"]
[Site "Chess.com"]
[Date "2017.01.03"]
[Round "5"]
[White "Alexander_Moskalenko"]
[Black "eldur16"]
[Result "1-0"]
[WhiteElo "2657"]
[BlackElo "2070"]
[TimeControl "180+2"]
[EndTime "12:02:34 PST"]
[Termination "Alexander_Moskalenko won by resignation"]

1. d4 Nf6 2. Nf3 e6 3. Bf4 b6 4. e3 Bb7 5. Nbd2 Be7 6. c3 O-O 7. Bd3 d6 8. g4 c5 9. Rg1 Nbd7 10. h4 Re8 11. h5 e5 12. dxe5 dxe5 13. Bxe5 Bf8 14. Bf4 Nd5 15. Bg3 N7f6 16. Qe2 Nxg4 17. O-O-O Qf6 18. Ne4 Rxe4 19. Bxe4 Nxc3 20. Qc2 Nxe4 21.
Bf4 Ngxf2 22. Rd7 Bc6 23. Rc7 Rd8 24. Bg5 Qxf3 25. Bxd8 Qxe3+ 26. Kb1 Bb5 27. Ka1 Bd3 28. Qa4 Ng4 29. Rh1 Nef2 30. Rg1 Bf5 31. Qc4 Be6 32.
Qc3 Nd3 33. Rb1 Bd6 34. Rxa7 h6 35. Bc7 Be7 36. Bxb6 Bf6 37. Qc2 Qe4 38. Bxc5 Nxc5 39.
Qxc5 Bf5 40. Ra8+ Kh7 41. Rc1 Qxa8 42. Qxf5+ Kg8 43. Qxg4 Qb7 44. Qc8+ Qxc8 45. Rxc8+ Kh7 46. Rc7 Kg8 47. a4 g5 48. hxg6 fxg6 49. a5 h5 50. a6 Bd4 51. Rd7 Be3 52. b4 h4 53. a7 1-0

[Event "*** Titled Tuesday 3|2 Blitz (Early)"]
[Site "Chess.com"]
[Date "2017.01.03"]
[Round "5"]
[White "IMprovidence"]
[Black "Quiet_Desperation"]
[Result "0-1"]
[WhiteElo "2211"]
[BlackElo "2366"]
[TimeControl "180+2"]
[EndTime "12:02:47 PST"]
[Termination "Quiet_Desperation won on time"]

1. d4 Nf6 2. c4 e6 3. Nf3 Bb4+ 4.
Bd2 Qe7 5. Nc3 Nc6 6. Qc2 O-O 7.
e4 d6 8. Bd3 e5 9. d5 Nb8 10.
O-O-O a5 11. h3 c6 12. Kb1 Na6 13. g4 Nc5 14. g5 Nh5 15. Be2 g6 16. Nh2 Bxc3 17. bxc3 Nxe4 18. Bxh5 Nxd2+ 19. Qxd2 gxh5 20. Nf1 Bf5+ 21. Ka1 cxd5 22. Ne3 Be6 23. cxd5 Bd7 24. Qe2 f5 25. Qxh5 Be8 26. Qh6 Rc8 27. h4 e4 28.
h5 Rxc3 29. g6 Qg7 30. gxh7+ Kh8 31. Qxg7+ Kxg7 32. Rhg1+ Kxh7 33. Rb1 b5 34. Rg5 Bd7 35. Rbg1 Rf7 36. h6 f4 37. Rg7+ Rxg7 38. Rxg7+ Kxh6 39. Rxd7 fxe3 40. Rxd6+ Kg5 41. fxe3 Rxe3 42. Rb6 Rd3 43.
d6 Kf4 44. Rxb5 e3 45. Rxa5 e2 46. Ra4+ Ke3 0-1

[Event "*** Titled Tuesday 3|2 Blitz (Early)"]
[Site "Chess.com"]
[Date "2017.01.03"]
[Round "5"]
[White "Morshynska"]
[Black "BjarkeSahl"]
[Result "0-1"]
[WhiteElo "2096"]
[BlackElo "2230"]
[TimeControl "180+2"]
[EndTime "12:02:51 PST"]
[Termination "BjarkeSahl won on time"]

1. e4 c5 2. Nf3 e6 3. d4 cxd4 4. Nxd4 Nf6 5. Nc3 Bb4 6. e5 Nd5 7. Bd2 Nxc3 8. bxc3 Be7 9. Bd3 Nc6 10. Nxc6 bxc6 11.
Qg4 g6 12. O-O Qa5 13. Rfe1 Ba6 14. Qe2 Bxd3 15. Qxd3 Qc7 16. c4 O-O 17. Bc3 Rab8 18. Rab1 a5 19. g3 Bb4 20. h4 h5 21. Kh2 c5 22. Red1 Rb7 23. Ba1 a4 24. a3 Ba5 25.
Rxb7 Qxb7 26. Qxd7 Qf3 27. Kg1 Qxa3 28. Qd3 Qxd3 29. Rxd3 Bb4 30. Kf1 Ra8 31. Ke2 a3 32. f4 Ra4 33. Rd1 Ba5 34. Kd3 Kf8 35. Rb1 Rb4 36.
Rd1 Ke7 37. Bc3 Ra4 38. Bxa5 Rxa5 39. Kc3 f6 40. exf6+ Kxf6 41. Kb3 Kf5 42. Ka2 Ra4 43.
Rd3 Rxc4 44. Kxa3 Rxc2 45. Re3 Rg2 46. Re5+ Kf6 47. Re3 Rd2 48. Kb3 Rd5 49. Kc4 Rf5 50. Rd3 e5 51. fxe5+ Rxe5 52. Rf3+ Ke6 53. Rd3 Kf5 0-1

[Event "*** Titled Tuesday 3|2 Blitz (Early)"]
[Site "Chess.com"]
[Date "2017.01.03"]
[Round "5"]
[White "Frolyanov_D"]
[Black "Keranke"]
[Result "0-1"]
[WhiteElo "2483"]
[BlackElo "2602"]
[TimeControl "180+2"]
[EndTime "12:02:55 PST"]
[Termination "Keranke won by resignation"]

1. e4 g6 2. d4 Bg7 3. Nc3 d6 4.
f4 a6 5. Nf3 b5 6. Bd3 Nd7 7. Be3 Bb7 8. O-O Rc8 9. a4 b4 10.
Ne2 c5 11. c3 Ngf6 12. e5 Nd5 13.
Bf2 bxc3 14. bxc3 O-O 15. Ng5 cxd4 16. cxd4 e6 17. Ne4 dxe5 18. Nd6 Rb8 19. fxe5 Nb4 20. Bc4 Bd5 21. Nf4 Bxc4 22. Nxc4 Nb6 23. Nd6 N6d5 24. Nxd5 Nxd5 25. Qf3 f5 26. Rfb1 Qa5 27. Rb3 g5 28.
Rab1 Rxb3 29. Qxb3 Qd2 30. Rd1 Qc3 31. Qb7 Qc2 32.
Ra1 Qd3 33. h3 g4 34. Qb1 Qc3 35. Qe1 Qxe1+ 36. Rxe1 Rb8 37. hxg4 fxg4 38. Rc1 Nf4 39. Rc7 Rb2 40. Rc8+ Bf8 41. Ne4 Kg7 42. Nf6 g3 43. Bxg3 Rxg2+ 44. Kf1 Rxg3 45. Rc7+ Kg6 46. Nxh7 Bg7 47.
Nf6 Bxf6 48. exf6 Kxf6 49. Rc6 Rd3 50. Rxa6 Rxd4 51. Ra8 Kf5 52. a5 Ke4 53. a6 Kf3 54.
Kg1 Ra4 55. a7 Ra6 56. Kh2 Ke4 57. Kg3 e5 58. Kg4 Nd5 59. Kg3 Nc7 0-1

[Event "*** Titled Tuesday 3|2 Blitz (Early)"]
[Site "Chess.com"]
[Date "2017.01.03"]
[Round "5"]
[White "dretch"]
[Black "DuleMudule"]
[Result "1-0"]
[WhiteElo "2606"]
[BlackElo "2511"]
[TimeControl "180+2"]
[EndTime "12:03:14 PST"]
[Termination "dretch won by resignation"]

1. d4 d5 2. c4 Bf5 3. cxd5 Bxb1 4. Qa4+ c6 5. dxc6 Nxc6 6. Rxb1 Qd5 7. e3 e5 8. Bd2 exd4 9. Qb5 Qd7 10. exd4 Qxd4 11. Ne2 Qe4 12. Rc1 O-O-O 13. f3 Qe6 14. g3 f5 15. Bg2 Nf6 16. Bg5 Rd5 17. Qc4 Kb8 18. O-O Qd7 19. Bxf6 gxf6 20. f4 Rc5 21. Qb3 Bd6 22. Rcd1 Qc7 23. Kh1 Re8 24. Nc3 Re3 25. Qg8+ Nd8 26. Nd5 Rxd5 27. Qxd5 Be7 28. Rc1 Qb6 29.
Qd7 a5 30. Rfd1 Ka7 31. Rc2 Nf7 32. Qxf5 Nd6 33. Qd5 f5 34. Qc5 Qxc5 35. Rxc5 Ne4 36. Rc2 Nf6 37. Bh3 h5 38. Bxf5 h4 39. Rd3 Re1+ 40.
Kg2 hxg3 41. hxg3 Bb4 42. a3 Bf8 43. Rd8 Be7 44. Rd3 b6 45. Rdd2 Bc5 46. Re2 Rg1+ 47. Kh3 Nd5 48. Rxc5 bxc5 49. Re5 Nf6 50. Rxc5 Rh1+ 51.
Kg2 Rd1 52. Rxa5+ Kb6 53. Re5 Rd2+ 54. Kf3 Nd5 55. Re2 Rd4 56. Be4 Nf6 57. g4 Rd1 58. g5 Nd7 59. Bf5 Nc5 60. b4 Nb3 61. Bc2 Nd4+ 62.
Ke3 Nxc2+ 63. Rxc2 Re1+ 64. Kf3 Rf1+ 65. Ke4 1-0

[Event "*** Titled Tuesday 3|2 Blitz (Early)"]
[Site "Chess.com"]
[Date "2017.01.03"]
[Round "5"]
[White "Maitreia"]
[Black "Egorov_Pavel"]
[Result "1/2-1/2"]
[WhiteElo "2466"]
[BlackElo "2310"]
[TimeControl "180+2"]
[EndTime "12:03:14 PST"]
[Termination "Game drawn by repetition"]

1. c4 Nf6 2. Nc3 g6 3. g3 d5 4.
cxd5 Nxd5 5. Nxd5 Qxd5 6. Nf3 Bg7 7. Bg2 O-O 8. O-O Qh5 9. d3 Bh3 10. Qb3 Bxg2 11. Kxg2 b6 12. Bf4 c5 13. a4 Nc6 14.
a5 Nxa5 15. Qb5 Qd5 16. Ra4 Nc6 17. b4 Nd4 18. Qc4 Qxc4 19. dxc4 Nxe2 20. bxc5 Nxf4+ 21. gxf4 bxc5 22. Rfa1 Rfb8 23. Rd1 Rb4 24. Ra6 Rxc4 25. Rd7 Bf6 26. Kg3 Rc1 27. Ne5 Bxe5 28. fxe5 e6 29. Rc6 a5 30. Rcc7 Rf8 31. Ra7 Re1 32. f4 Re3+ 33.
Kf2 Rh3 34. Kg2 Ra3 35. Rdc7 Rb8 36. Rcb7 Rxb7 37. Rxb7 Rc3 38. Ra7 Kg7 39. Rxa5 g5 40.
fxg5 Kg6 41. h4 Kf5 42. Ra7 Kg4 43. Rxf7 Rc2+ 44. Kf1 Kxh4 45. Rf6 Kxg5 46. Rxe6 Kf5 47. Re8 h5 48. e6 Kf6 49. e7 Kf7 50. Rh8 Kxe7 51.
Rxh5 Kd6 52. Ke1 Rc4 53. Kd2 Kc6 54. Rh8 Rg4 55. Kc2 Kb5 56. Rh3 Kc4 57. Rf3 Rg2+ 58. Kc1 Kb4 59. Rh3 c4 60. Rf3 Rh2 61. Rg3 Ra2 62.
Kb1 Re2 63. Kc1 Re5 64. Kc2 Re2+ 65. Kd1 Rf2 66. Kc1 Rf5 67. Kc2 Re5 68. Kd2 Ra5 69.
Kc2 Ra2+ 70. Kb1 Rf2 71. Kc1 Kc5 72. Rg5+ Kd4 73. Rg3 Rf4 74. Rh3 Re4 75. Kc2 Rf4 76. Rg3 Rh4 77. Rf3 Rh2+ 78. Kc1 Kc5 79. Rf5+ Kb4 80.
Rf3 Rg2 81. Rh3 Rf2 82. Rg3 Re2 83. Rh3 Kc5 84. Rh5+ Kd4 85. Rh3 Re4 86. Rg3 Rf4 87. Kc2 Rf2+ 88. Kc1 Kc5 89. Rg5+ Kb4 90. Rg3 1/2-1/2

[Event "*** Titled Tuesday 3|2 Blitz (Early)"]
[Site "Chess.com"]
[Date "2017.01.03"]
[Round "5"]
[White "johnathan113"]
[Black "Firebullet"]
[Result "1-0"]
[WhiteElo "2338"]
[BlackElo "2290"]
[TimeControl "180+2"]
[EndTime "12:03:15 PST"]
[Termination "johnathan113 won by resignation"]

1. e4 c5 2. Nf3 Nc6 3. d4 cxd4 4.
Nxd4 Nf6 5. Nc3 e5 6. Ndb5 d6 7. Bg5 a6 8. Na3 b5 9. Nd5 Be7 10. Bxf6 Bxf6 11. c4 b4 12. Nc2 Rb8 13. Qd3 Bg5 14.
Be2 O-O 15. O-O Kh8 16. Rfd1 f5 17. Bf3 f4 18. b3 a5 19. a3 Be6 20. axb4 axb4 21.
Qd2 Qd7 22. Ndxb4 Rfd8 23. Ra3 Qb7 24. Nd5 Rd7 25. b4 Bd8 26. b5 Ne7 27. Ncb4 Bb6 28. Nxe7 Rxe7 29. Nc6 Bc5 30. Ra4 Ree8 31. Nxb8 Rxb8 32.
Rda1 g6 33. Qa2 Bd4 34. Rd1 Rc8 35. Rxd4 exd4 36. Qd2 Qb6 37. Be2 Kg7 38. Qxf4 Rf8 39. Qd2 Qc5 40. h3 Rf7 41. Qb4 Qe5 42. Bd3 Qf4 43. Qe1 g5 44. b6 g4 45. hxg4 Bxg4 46.
Ra7 Bd7 47. b7 d5 48. e5 Rf8 49. b8=Q Rxb8 50. Rxd7+ Kf8 51. cxd5 Rc8 52. g3 Qg5 53. Kg2 Qg4 54. e6 Re8 55. Qe4 Qxe4+ 56. Bxe4 Kg8 57. Bxh7+ 1-0

[Event "*** Titled Tuesday 3|2 Blitz (Early)"]
[Site "Chess.com"]
[Date "2017.01.03"]
[Round "5"]
[White "VerdeNotte"]
[Black "Hamisandwich"]
[Result "1/2-1/2"]
[WhiteElo "2558"]
[BlackElo "2387"]
[TimeControl "180+2"]
[EndTime "12:03:20 PST"]
[Termination "Game drawn by repetition"]

1. e4 d6 2. Nc3 Nf6 3. f4 g6 4.
Nf3 Bg7 5. Bc4 c6 6. Bb3 O-O 7. d3 d5 8. O-O Na6 9. e5 Ne8 10. Be3 Nec7 11. d4 b6 12. Qe1 c5 13. Rd1 c4 14. Ba4 Rb8 15. Bb5 Nb4 16. Rd2 a6 17. a3 Nxc2 18. Rxc2 axb5 19. Nh4 Bf5 20. Nxf5 gxf5 21.
Rf3 e6 22. Rh3 f6 23. Qh4 h6 24. Rg3 Kh7 25. Qh5 Qe8 26. Qf3 Rg8 27. Bf2 Qf7 28.
Re2 Bh8 29. Re1 Qe7 30. Qh5 Rxg3 31. Bxg3 Qe8 32. Qe2 Qg6 33. Na2 Rg8 34. Nb4 fxe5 35. fxe5 Bg7 36. Bf4 Bf8 37. Rf1 Be7 38. Rf3 Bxb4 39.
axb4 Qf7 40. Rh3 Rg6 41. Qh5 Qg7 42. Kf1 Na6 43. Bd2 Nb8 44. Qh4 Nc6 45. g3 Kg8 46. Bxh6 Qh7 47. Ke1 Kf7 48. Qh5 Ke8 49. Rh4 Kd7 50.
Be3 Qxh5 51. Rxh5 Nxb4 52. Kd2 Nd3 53. Kc2 b4 54. Rh7+ Kc6 55. Rh6 Rxh6 56. Bxh6 b5 57. h4 Kd7 58. Bd2 b3+ 59. Kb1 b4 60. h5 Ke7 61. Bg5+ Kf7 62. Bd2 Kg7 63. Ka1 Kh7 64. Kb1 Kg7 65. Ka1 Kf7 66. Kb1 Kg7 67. Ka1 1/2-1/2

[Event "*** Titled Tuesday 3|2 Blitz (Early)"]
[Site "Chess.com"]
[Date "2017.01.03"]
[Round "5"]
[White "Saitama_Hero"]
[Black "ChristopherYoo"]
[Result "1-0"]
[WhiteElo "2173"]
[BlackElo "2053"]
[TimeControl "180+2"]
[EndTime "12:03:21 PST"]
[Termination "Saitama_Hero won by resignation"]

1. d4 Nf6 2. c4 g6 3. Nc3 d5 4.
Bg5 Ne4 5. Nf3 Nxg5 6. Nxg5 e6 7. Qd2 Bh6 8. f4 Bxg5 9. fxg5 dxc4 10. e4 Nc6 11.
O-O-O e5 12. Bxc4 Qxd4 13. Qe2 Qc5 14. Rd5 Qe7 15. h4 Be6 16. Rb5 Nd4 17. Qd3 Nxb5 18.
Bxb5+ c6 19. Bc4 Bxc4 20. Qxc4 O-O-O 21. Rf1 Rhf8 22. Kb1 Kb8 23. a3 Rd4 24. Qb3 Qd7 25. Rf6 Rd6 26. Rf3 Qe6 27. Qb4 Rfd8 28. Rf6 Qd7 29.
Rf3 Rd4 30. Qc5 Qc7 31. Rf6 b6 32. Qxc6 Qxc6 33. Rxc6 R4d6 34. Rc4 Rd4 35. Rc6 R8d6 36. Rxd6 Rxd6 37. Nd5 Kb7 38. Kc2 Kc6 39. Nf6 h6 40.
gxh6 Rd8 41. h7 Rh8 42. g4 Kd6 43. g5 Ke7 44. Kd3 Kf8 45. Kc4 Kg7 46. Kd5 Rc8 47.
Kxe5 Rc2 48. h5 gxh5 49. Nxh5+ Kxh7 50. Kf6 Rf2+ 51. Ke7 Kg6 52. Nf6 Kxg5 53. Nd5 Kg6 54. b4 Re2 55. Nf4+ Kg5 56. Nxe2 Kg6 57. Nd4 a5 58.
bxa5 bxa5 59. a4 Kg5 60. e5 Kf4 61. Nc6 Ke4 62. Kxf7 Kd5 63. e6 Kxc6 64. e7 Kc5 65. e8=Q Kb4 66. Qb5+ Ka3 67. Qxa5 Kb3 68. Qb5+ Kc3 69.
a5 Kd4 70. a6 1-0

[Event "*** Titled Tuesday 3|2 Blitz (Early)"]
[Site "Chess.com"]
[Date "2017.01.03"]
[Round "5"]
[White "Corpescador"]
[Black "Iball95"]
[Result "1/2-1/2"]
[WhiteElo "2436"]
[BlackElo "2456"]
[TimeControl "180+2"]
[EndTime "12:03:25 PST"]
[Termination "Game drawn by agreement"]

1. e4 c5 2. Nf3 Nc6 3. d4 cxd4 4.
Nxd4 g6 5. Nc3 Bg7 6. Be3 Nf6 7. Bc4 O-O 8. Bb3 d6 9. f3 Na5 10. h4 Nxb3 11. axb3 d5 12. e5 Nd7 13. f4 Nc5 14. h5 Ne4 15. Nxe4 dxe4 16. hxg6 hxg6 17. Qd2 Bg4 18. Rh4 Qd7 19. Kf2 f6 20. e6 Bxe6 21. Rah1 Bg4 22. Kg3 Bh5 23. f5 Rad8 24. Kf2 gxf5 25.
Rxh5 e5 26. c3 f4 27. Bxf4 exd4 28. cxd4 Qxd4+ 29. Qxd4 Rxd4 30. Be3 Rd3 31. Rb5 b6 32. Ra1 Rf7 33. Ke2 f5 34. Rf1 Bxb2 35. Rfxf5 Rxf5 36. Rxf5 Rxb3 37. Rf4 Rb4 38. Bd2 Rc4 39. Ke3 Bd4+ 40. Kxe4 Bc3+ 41. Kd3 Rxf4 42. Bxf4 Bf6 43. Kc4 a6 44.
Bc7 b5+ 45. Kb4 Be7+ 46. Ka5 b4 47. Be5 Kf7 48. g4 Ke6 49. Bb2 Kd5 50. Kxa6 b3 51.
Ka5 Kc4 52. Ka4 Bg5 53. Bg7 Bd2 54. Ka3 Bc1+ 55. Bb2 Bg5 56. Bg7 Bc1+ 57. Bb2 Be3 58. Bf6 Bc1+ 59. Bb2 Bg5 60. Bg7 Bd2 61. Kb2 Bg5 62.
Be5 Kb4 63. Bc3+ Kc4 64. Be5 1/2-1/2

[Event "*** Titled Tuesday 3|2 Blitz (Early)"]
[Site "Chess.com"]
[Date "2017.01.03"]
[Round "5"]
[White "FlySooHigh"]
[Black "MrReinberg"]
[Result "1/2-1/2"]
[WhiteElo "2451"]
[BlackElo "2106"]
[TimeControl "180+2"]
[EndTime "12:03:29 PST"]
[Termination "Game drawn - insufficient material"]

1. e4 c5 2. Nf3 g6 3. d4 cxd4 4.
Qxd4 Nf6 5. Bb5 a6 6. e5 axb5 7. exf6 Nc6 8. Qd3 b4 9. O-O d5 10. fxe7 Bxe7 11. Bh6 Bf5 12. Qe2 Qd7 13. c3 b3 14. a3 f6 15. Bf4 O-O 16. Nbd2 Bc2 17. Rfe1 Bd6 18. Bxd6 Qxd6 19. Qe6+ Qxe6 20. Rxe6 Kf7 21.
Ree1 Rfe8 22. Nd4 Nxd4 23. cxd4 b5 24. Kf1 Rac8 25. Rxe8 Rxe8 26. f3 Bd3+ 27. Kg1 Bc4 28. a4 Re2 29. axb5 Bxb5 30. Nxb3 Rxb2 31. Nc5 f5 32. Rd1 f4 33. Nd3 Bxd3 34. Rxd3 Ke6 35. h4 h6 36. Kh2 Kf5 37. Kh3 Re2 38. Rd1 Rc2 39. Re1 Kf6 40. Re5 Rd2 41. Rxd5 g5 42.
h5 Rd1 43. Kh2 Rd2 44. Rd6+ Kf5 45. Rxh6 g4 46. fxg4+ Kxg4 47. Rh8 f3 48. Rg8+ Kxh5 49. Kg1 fxg2 50. Rxg2 Rxd4 51. Kf2 Kh4 52. Kf3 Ra4 53. Rh2+ Kg5 54. Rg2+ Kf5 55. Re2 Ra3+ 56. Re3 Ra1 57. Re2 Rd1 58. Re3 Rd5 59. Re2 Rb5 60. Re3 Rb8 61. Re2 Rh8 62. Re3 Rh3+ 63. Kf2 Kg4 64. Rxh3 Kxh3 1/2-1/2

[Event "*** Titled Tuesday 3|2 Blitz (Early)"]
[Site "Chess.com"]
[Date "2017.01.03"]
[Round "5"]
[White "chesswooog"]
[Black "PowerThinking2650"]
[Result "0-1"]
[WhiteElo "2134"]
[BlackElo "2284"]
[TimeControl "180+2"]
[EndTime "12:03:30 PST"]
[Termination "PowerThinking2650 won on time"]

1. e4 e5 2. f4 Bc5 3. Nf3 d6 4.
d4 exd4 5. h3 Nc6 6. a3 a5 7. Bd3 Nf6 8. O-O O-O 9. Kh2 Re8 10. Re1 d5 11. e5 Ne4 12. Nbd2 f5 13. c4 dxc3 14. bxc3 Bf2 15. Rf1 Bg3+ 16. Kg1 Nxc3 17.
Qc2 Ne4 18. Nb3 a4 19. Nbd4 Nxd4 20. Nxd4 c5 21. Bxe4 cxd4 22. Bxf5 Bxf5 23. Qxf5 Bh4 24. Qd3 Qb6 25. Rb1 Qa7 26. Bb2 Be7 27. Bxd4 Bc5 28.
Bxc5 Qxc5+ 29. Kh1 Re7 30. Rb5 Qc4 31. Qxd5+ Qxd5 32.
Rxd5 Rc8 33. f5 Rc3 34. f6 gxf6 35. exf6 Rf7 36. Rf4 h6 37. Rxa4 Rxf6 38. Rd8+ Kg7 39. Rd7+ Rf7 40. Rg4+ Kf8 41. Rxf7+ Kxf7 42. a4 Rc5 43.
Rb4 Rc7 44. g4 Kg6 45. Kg2 Kg5 46. Rb5+ Kg6 47. Kg3 Rc4 48. a5 Rc7 49. Rb6+ Kg7 50. h4 Rc3+ 51. Kf4 Rc4+ 52. Kf3 Rc3+ 53. Kf4 Rc4+ 54. Kf5 Rc5+ 55. Ke6 Rxa5 56. Rxb7+ Kg6 57. h5+ Kg5 58. Rg7+ Kh4 59. Kf7 Ra4 60. g5 Kxh5 61. g6 Ra6 0-1

[Event "*** Titled Tuesday 3|2 Blitz (Early)"]
[Site "Chess.com"]
[Date "2017.01.03"]
[Round "5"]
[White "petrpalachev"]
[Black "Blitzstream"]
[Result "1/2-1/2"]
[WhiteElo "2414"]
[BlackElo "2510"]
[TimeControl "180+2"]
[EndTime "12:03:40 PST"]
[Termination "Game drawn by repetition"]

1. Nf3 Nf6 2. d4 d5 3. c4 c6 4. e3 Bf5 5. Nc3 e6 6. Nh4 Bg6 7. Qb3 Qb6 8. Nxg6 hxg6 9. Bd2 Nbd7 10. g3 Be7 11. Qc2 Ng4 12. h3 f5 13. Bg2 Ngf6 14. b3 Bb4 15. O-O O-O 16. a3 Bxc3 17. Bxc3 Ne4 18.
Be1 Rac8 19. c5 Qc7 20. Kh2 g5 21. f3 Nef6 22. Kg1 g6 23. f4 gxf4 24. exf4 Ne4 25. g4 Ndf6 26. g5 Nh5 27. Qc1 Qg7 28. Qe3 b6 29. b4 bxc5 30. bxc5 Rb8 31. Bb4 Qc7 32. Rab1 a5 33. Bxe4 fxe4 34. Bd2 Rxb1 35. Rxb1 Nxf4 36. Rf1 Nd3 37. Rxf8+ Kxf8 38. Kg2 a4 39. Qe2 Qf7 40.
Be3 Qf5 41. Qd1 e5 42. Qxa4 Qf3+ 43. Kh2 Qe2+ 44. Kh1 Qf1+ 45. Kh2 Qe2+ 46. Kh1 Qf3+ 47. Kh2 Qe2+ 48. Kh1 Qxe3 49. Qa8+ Ke7 50. Qb7+ Ke6 51. Qc8+ Ke7 52. Qc7+ Kf8 53. Qd8+ Kf7 54. Qf6+ Ke8 55.
Qxg6+ Kd7 56. Qd6+ Ke8 57. Qxc6+ Kf7 58. Qf6+ Ke8 59. Qe6+ Kf8 60. Qf6+ Kg8 61. Qd8+ Kg7 62. Qe7+ Kg8 63. Qe8+ Kg7 64. Qe7+ Kg8 65. Qe8+ Kg7 66. Qe7+ Kg8 67. Qe6+ Kg7 68. Qe7+ Kg8 69. Qe8+ Kg7 70. Qe7+ 1/2-1/2

[Event "*** Titled Tuesday 3|2 Blitz (Early)"]
[Site "Chess.com"]
[Date "2017.01.03"]
[Round "5"]
[White "Aygehovit1992"]
[Black "iturrizaga"]
[Result "1/2-1/2"]
[WhiteElo "2469"]
[BlackElo "2636"]
[TimeControl "180+2"]
[EndTime "12:03:44 PST"]
[Termination "Game drawn by repetition"]

1. e4 c5 2. Nf3 g6 3. d4 cxd4 4.
Qxd4 Nf6 5. Nc3 Nc6 6. Qa4 d6 7. e5 dxe5 8. Nxe5 Bd7 9. Nxd7 Qxd7 10. Be2 Bg7 11. Be3 O-O 12. Rd1 Qf5 13. O-O a6 14. Qb3 Rab8 15. Nd5 Ng4 16. Bxg4 Qxg4 17. h3 Qf5 18. c3 b5 19. Nb4 Na5 20. Qd5 Nc4 21. Qxf5 gxf5 22. Bc1 a5 23. Nc6 Rb7 24. b3 Nd6 25.
Nxe7+ Rxe7 26. Rxd6 Bxc3 27. Rd5 Re5 28. Rfd1 Rfe8 29.
Be3 a4 30. Rxe5 Bxe5 31. Rd5 axb3 32. axb3 f4 33. Bd2 f6 34. Kf1 Rb8 35. Ke2 Kf7 36.
Rd7+ Kg6 37. Kf3 Rc8 38. Rd5 Rc2 39. Bxf4 Rc3+ 40. Ke4 Bxf4 41. Kxf4 Rxb3 42. g4 Rxh3 43. Rxb5 Ra3 44. f3 Ra4+ 45. Kg3 Ra1 46. f4 Rg1+ 47. Kf3 Rf1+ 48. Kg3 Rg1+ 49. Kf3 h6 50. Rd5 Rf1+ 51. Kg3 Ra1 52. Rd7 h5 53. f5+ Kh6 54.
Rf7 Rg1+ 55. Kf2 Rxg4 56. Rxf6+ Kg5 57. Rg6+ Kxf5 58. Rxg4 hxg4 59. Kg3 Kg5 60. Kg2 Kf4 61. Kf2 g3+ 62. Kg2 Kg4 63. Kg1 Kh4 64. Kg2 Kg4 65. Kg1 Kf3 66. Kf1 Kf4 67. Kg2 Kg4 68. Kg1 Kf4 69. Kg2 Kg4 70. Kg1 Kf3 71. Kf1 Ke3 72. Kg2 Kf4 73. Kg1 Kg4 74. Kg2 Kh4 75. Kg1 Kh3 76.
Kh1 Kg4 77. Kg2 Kf4 78. Kg1 Kf3 79. Kf1 Kg4 80. Kg2 Kh4 81. Kg1 Kh3 82. Kh1 Kg4 83. Kg2 Kf4 84. Kg1 Ke4 85. Kg2 Kf4 86. Kg1 Kg4 87.
Kg2 1/2-1/2

[Event "*** Titled Tuesday 3|2 Blitz (Early)"]
[Site "Chess.com"]
[Date "2017.01.03"]
[Round "5"]
[White "andretta"]
[Black "Chopper1905"]
[Result "0-1"]
[WhiteElo "2448"]
[BlackElo "2599"]
[TimeControl "180+2"]
[EndTime "12:04:01 PST"]
[Termination "Chopper1905 won by resignation"]

1. b3 e5 2. Bb2 Nc6 3. e3 Nf6 4. Bb5 e4 5. d3 a6 6. Bxc6 dxc6 7. Ne2 Bb4+ 8. c3 Bd6 9. d4 O-O 10. Nd2 b5 11. c4 Re8 12. c5 Bf8 13. Ng3 a5 14.
O-O Qd5 15. Ne2 Bg4 16. h3 Bd7 17. a4 Qg5 18. Nf4 Nd5 19. axb5 Nxf4 20. exf4 Qxf4 21. bxc6 Bxc6 22. Nc4 Bb5 23. Re1 a4 24. Ne3 axb3 25. Nd5 Rxa1 26. Bxa1 Qg5 27. Nxc7 Rb8 28. Nxb5 Rxb5 29. Bb2 Qd5 30. Qe2 Rb4 31. Qxe4 Qxe4 32.
Rxe4 Bxc5 33. Ba3 f5 34. Re2 Ra4 35. Bxc5 Ra2 36. Re8+ Kf7 37. Rb8 b2 38. Kh2 Ke6 39.
Ba3 Rxa3 40. Rxb2 Rd3 41. Re2+ Kf6 42. Ra2 Rxd4 43. g3 h5 44. Kg2 h4 45. gxh4 Rxh4 46.
Ra5 Rb4 47. Ra3 Kg5 48. Rc3 g6 49. Ra3 Rc4 50. Rb3 Ra4 51. Rc3 Kf4 52. Rb3 g5 53. Rc3 Rb4 54. Ra3 Ke4 55. Rc3 Rd4 56. Rg3 Kf4 57.
Rf3+ Ke5 58. Rg3 Kf6 59. Rb3 Kg6 60. Ra3 Kh5 61. Rb3 Kh4 62. Ra3 Rb4 63. Rc3 Rb7 64. Ra3 Rf7 65. Ra4+ f4 66. Ra3 g4 67. hxg4 Kxg4 68. f3+ Kh4 69. Ra2 Rg7+ 70. Kf2 Kh3 71. Ra8 Rg2+ 72. Kf1 Rb2 73. Ra3 Kg3 74. Ke1 Rf2 75. Rb3 Rxf3 76. Rb8 Kg2 77. Rg8+ Rg3 78. Rf8 f3 79. Rf7 Rg8 80. Kd2 Rd8+ 81. Ke3 Re8+ 82. Kd2 f2 83. Rg7+ Kf1 84. Kd1 Rd8+ 85. Kc2 Rd5 86. Re7 Kg2 87. Rg7+ Kf3 88. Rf7+ Ke3 89. Re7+ Kf4 90. Rf7+ Rf5 0-1

[Event "*** Titled Tuesday 3|2 Blitz (Early)"]
[Site "Chess.com"]
[Date "2017.01.03"]
[Round "5"]
[White "Zlatan56"]
[Black "Mischuk_D"]
[Result "1/2-1/2"]
[WhiteElo "2662"]
[BlackElo "2463"]
[TimeControl "180+2"]
[EndTime "12:04:02 PST"]
[Termination "Game drawn by agreement"]

1. Nf3 Nf6 2. g3 g6 3. b3 Bg7 4. Bb2 d5 5. c4 c6 6. Bg2 O-O 7. O-O a5 8. Nc3 Nbd7 9. d4 dxc4 10. bxc4 Nb6 11. Qd3 Be6 12. Nd2 a4 13. Rab1 Qc7 14.
Rfc1 Rfd8 15. d5 a3 16. Ba1 Bh6 17. e4 Bd7 18. h3 Bxd2 19. Qxd2 Nxc4 20. Qd4 b5 21. dxc6 Bxc6 22. Nd5 Bxd5 23. exd5 Qa7 24. Rxb5 Qxd4 25. Bxd4 Nd6 26. Rbc5 Nf5 27. Bxf6 exf6 28. Rc7 Nd6 29. R1c6 f5 30. Re7 Kg7 31. Re3 Ra4 32. Bf3 Ne4 33. Rd3 Nd6 34. Kg2 h5 35. h4 Rd7 36. Bd1 Ra5 37. Bb3 Kf6 38. Rdc3 Ke7 39. Rc7 Ra7 40. Rxd7+ Kxd7 41. f3 Nb5 42. Rc4 Nc7 43. Rc6 Ra5 44. Rf6 Ke7 45. Rb6 Nxd5 46. Rb7+ Kf6 47. f4 Ke6 48. Kf3 Rc5 49. Ra7 f6 50.
Rxa3 Rc3+ 51. Kf2 Rc5 52. Ra6+ Ke7 53. Ke2 Nc3+ 54. Kf3 Ne4 55. Re6+ Kd7 56. Ra6 Rc3+ 57. Ke2 Nxg3+ 58. Ke1 Ne4 59. Bf7 Rg3 60. a4 Ke7 61. Bg8 g5 62. fxg5 fxg5 63. hxg5 Nxg5 64. Bd5 Ne4 65.
a5 Ra3 66. Ra7+ Kd6 67. Bxe4 fxe4 68. a6 Ke5 69. Rh7 Kf4 70. Rxh5 Rxa6 71. Rh3 Ra2 72. Rb3 e3 73. Rb8 Ra1+ 74. Ke2 Ra2+ 75. Ke1 1/2-1/2